 Dungeon Crawl Stone Soup version 0.19.0-19-g8c6edcc (webtiles) character file.

1965 Charly the Cleaver (level 9, -3/105 HPs)
             Began as a Minotaur Berserker on Nov 15, 2016.
             Was a Believer of Trog.
             Slain by an ogre
             ... wielding a +0 giant spiked club
              (23 damage)
             ... on level 1 of the Orcish Mines.
             The game lasted 00:09:08 (1176 turns).

Charly the Cleaver (Minotaur Berserker)             Turns: 1176, Time: 00:09:09

Health: -3/105     AC: 12    Str: 27    XL:     9   Next: 0%
Magic:  8/8        EV:  8    Int:  4    God:    Trog [**....]
Gold:   146        SH:  0    Dex: 13    Spells: 0 memorised, 8 levels left

rFire  + . .     SeeInvis .     a - +0 war axe
rCold  x . .     Gourm    .     e - +0 plate armour
rNeg   . . .     Faith    .     (no shield)
rPois  .         Spirit   .     (helmet restricted)
rElec  .         Reflect  .     (no cloak)
rCorr  +         Harm     .     p - +0 pair of gloves
MR     ++...                    (no boots)
Stlth  ..........               (no amulet)
                                g - ring of fire
                                f - ring of resist corrosion

@: berserking (expiring), regenerating, very quick
A: retaliatory headbutt, horns 2
a: Berserk, Trog's Hand, Burn Spellbooks, Renounce Religion


You were on level 1 of the Orcish Mines.
You worshipped Trog.
Trog was pleased with you.
You were very hungry.

You visited 2 branches of the dungeon, and saw 8 of its levels.

You collected 146 gold pieces.

Inventory:

Hand Weapons
 a - a +0 war axe (weapon)
Armour
 e - a +0 plate armour (worn)
 m - a +0 chain mail
 p - a +0 pair of gloves (worn)
Jewellery
 f - a ring of resist corrosion (left hand)
 g - a ring of fire (right hand)
Scrolls
 l - a scroll of fog {unknown}
 r - a scroll of teleportation
Potions
 b - a potion of magic {unknown}
 d - 2 potions of might {unknown}
 h - a potion of ambrosia {unknown}
 j - 2 potions of resistance {unknown}
 k - a potion of degeneration {unknown}
 n - a potion of curing {unknown}
 q - 2 potions of lignification
Comestibles
 c - 2 bread rations
 i - a chunk of flesh
 o - 2 meat rations


   Skills:
 - Level 3.6 Fighting
 + Level 13.8 Axes
 - Level 2.4 Armour
 - Level 2.1 Dodging


You had 8 spell levels left.
You didn't know any spells.

Dungeon Overview and Level Annotations

Branches:
Dungeon (10/15)               Orc (1/2) D:10
 Temple: D:4-7         Lair: D:8-11

Altars:
Gozag
Kikubaaqudgha
Trog


Innate Abilities, Weirdness & Mutations

You reflexively headbutt those who attack you in melee.
You have a pair of horns on your head.


Message History

Your Axes skill increases to level 13!
You hit the troll.
Unknown command.
You hit the troll.
You kill the troll!
Trog accepts your kill.
You have reached level 9!
Your experience leads to an increase in your attributes!
Your base attributes are Str 22, Int 4, Dex 12.
Increase (S)trength, (I)ntelligence, or (D)exterity?
You feel agile.
You slash the ogre!
Unknown command.
Unknown command.
Your plate armour prevents you from hitting the ogre.
You headbutt the ogre!
The ogre is heavily wounded.
You feel the effects of Trog's Hand fading.
The ogre hits you with a giant spiked club!!
You die... ).....###....... [....#......##.# ..#. ..#........##..## .... .##.#.....##....### oo.

######...##.......##oo
# ##.###.........# #
##.#....#.#§o.##
#.....#..†Oo..##
#......#.@)§...#
##....#.....#>##
#.....#....# #
##........##
###.#.#.## ###.### ###


You could see an orc warlord, an orc warrior, an ogre, 2 orc priests and 2 orcs.

Vanquished Creatures
  An orc sorcerer (Orc:1)
  Joseph (D:7)
  2 trolls
  A hungry ghost (D:10)
  3 orc warriors (Orc:1)
  A wolf (D:10)
  2 electric eels (D:10)
  A crimson imp (D:7)
  A bullfrog zombie (D:7)
  A hound (D:10)
  An orc priest (D:7)
  A worker ant (D:7)
  2 orc wizards (D:7)
  2 adders
  A dart slug (D:2)
  2 leopard geckos
  9 orcs
  3 giant cockroaches
  4 goblins
  7 hobgoblins
  A kobold (D:1)
  A quokka (D:2)
  3 bats
  2 frilled lizards
  6 rats
59 creatures vanquished.

Notes
Turn   | Place    | Note
-------+----------+-------------------------------------------
     0 | D:1      | Charly the Minotaur Berserker began the quest for the Orb.
     0 | D:1      | Reached XP level 1. HP: 19/19 MP: 0/0
    74 | D:1      | Reached skill level 4 in Axes
    87 | D:2      | Reached XP level 2. HP: 26/26 MP: 1/1
   174 | D:2      | Found a faded altar of an unknown god.
   217 | D:2      | Reached skill level 5 in Axes
   306 | D:3      | Reached XP level 3. HP: 21/31 MP: 2/2
   398 | D:3      | Reached ** piety under Trog
   526 | D:4      | You fall through a shaft for 3 floors!
   655 | D:7      | Reached skill level 6 in Axes
   655 | D:7      | Reached XP level 4. HP: 33/39 MP: 3/3
   656 | D:7      | Found a bloodstained altar of Trog.
   656 | D:7      | Found an opulent altar of Gozag.
   656 | D:7      | Found an ancient bone altar of Kikubaaqudgha.
   710 | D:7      | Noticed Joseph
   726 | D:7      | Killed Joseph
   726 | D:7      | Reached skill level 8 in Axes
   726 | D:7      | Reached XP level 5. HP: 8/45 MP: 4/4
   726 | D:7      | Reached XP level 6. HP: 9/51 MP: 5/5
   772 | D:7      | Reached skill level 9 in Axes
   897 | D:7      | Reached XP level 7. HP: 53/57 MP: 6/6
   939 | D:7      | You fall through a shaft for 3 floors!
   939 | D:10     | Entered Level 10 of the Dungeon
   939 | D:10     | Noticed a troll
   943 | D:10     | Noticed a hornet
   945 | D:10     | Killed a troll
   945 | D:10     | Reached skill level 10 in Axes
   951 | D:10     | Reached skill level 11 in Axes
   951 | D:10     | Paralysed by a hornet for 2 turns
   956 | D:10     | HP: 2/57 [crimson imp (2)]
   977 | D:10     | Found a staircase to the Orcish Mines.
  1013 | D:10     | Noticed a hungry ghost
  1020 | D:10     | Killed a hungry ghost
  1020 | D:10     | Reached XP level 8. HP: 41/64 MP: 7/7
  1055 | Orc:1    | Entered Level 1 of the Orcish Mines
  1108 | Orc:1    | Reached skill level 12 in Axes
  1158 | Orc:1    | Noticed an orc sorcerer
  1159 | Orc:1    | Noticed a troll
  1161 | Orc:1    | Noticed an orc warlord
  1164 | Orc:1    | Noticed a red devil
  1171 | Orc:1    | Noticed an ice devil
  1174 | Orc:1    | Killed an orc sorcerer
  1174 | Orc:1    | Reached skill level 13 in Axes
  1175 | Orc:1    | Killed a troll
  1175 | Orc:1    | Reached XP level 9. HP: 19/70 MP: 8/8
  1176 | Orc:1    | Slain by an ogre

Skill      XL: |  1  2  3  4  5  6  7  8 |
---------------+-------------------------+-----
Axes           | 4 5 6 8 9 11 13 | 13.8
Fighting       | |  3.6
Armour         | |  2.4
Dodging        | |  2.1

Action                   |  1- 3 |  4- 6 |  7- 9 || total
-------------------------+-------+-------+-------++-------
Melee: Hand axe          |    66 |    16 |       ||    82
       Headbutt          |     8 |     4 |    10 ||    22
       War axe           |       |    12 |    45 ||    57
Invok: Berserk           |     2 |     2 |     5 ||     9
       Trog's Hand       |       |     1 |     3 ||     4
  Use: Scroll            |       |       |     3 ||     3
  Eat: Chunk             |     1 |     1 |     6 ||     8
       Beef jerky        |       |     1 |       ||     1
Armor: Animal skin       |     8 |       |       ||     8
       Chain mail        |     3 |     9 |    25 ||    37
       Plate armour      |       |       |     6 ||     6
Dodge: Dodged            |    38 |    16 |    20 ||    74
